 Dungeon Crawl Stone Soup version 0.23-a0-417-gf02c810438 (webtiles) character file.

1227 Napalmbreeze the Chopper (level 8, -4/106 HPs)
             Began as a Minotaur Fighter on Nov 11, 2018.
             Was an Initiate of Okawaru.
             Slain by Menkaure (11 damage)
             ... on level 5 of the Dungeon.
             The game lasted 00:08:42 (5689 turns).

Napalmbreeze the Chopper (Minotaur Fighter)         Turns: 5689, Time: 00:08:43

Health: -4/106     AC: 24    Str: 23    XL:     8   Next: 23%
Magic:  7/7        EV:  2    Int:  5    God:    Okawaru [......]
Gold:   227        SH:  0    Dex: 10    Spells: 7/7 levels left

rFire    . . .     SeeInvis .   a - +0 war axe
rCold    . . .     Gourm    .   (no shield)
rNeg     + + +     Faith    .   (armour currently unavailable)
rPois    +         Spirit   .   (helmet currently unavailable)
rElec    .         Reflect  .   (cloak currently unavailable)
rCorr    .         Harm     .   (gloves currently unavailable)
MR       .....     NoTele   +   (boots currently unavailable)
Stlth    +.........             (no amulet)
HPRegen  0.27/turn              p - ring of wizardry
MPRegen  0.10/turn              (no ring)

@: tree-form
A: (retaliatory headbutt)
a: Renounce Religion


You were on level 5 of the Dungeon.
You worshipped Okawaru.
Okawaru was noncommittal.
You were not hungry.
You were a tree.
You visited 2 branches of the dungeon, and saw 7 of its levels.

You collected 227 gold pieces.

Inventory:

Hand Weapons
 a - a +0 war axe (weapon)
Armour
 c - a +0 shield
 m - a +0 chain mail (melded)
 w - a +1 pair of boots (melded)
Jewellery
 p - a ring of wizardry (left branch)
Wands
 o - a wand of paralysis (16)
Scrolls
 e - a scroll of noise {unknown}
 h - 3 scrolls of teleportation {unknown}
 i - 4 scrolls of fog {unknown}
 k - 2 scrolls of fear {unknown}
 n - 6 scrolls of identify {unknown}
 t - 5 scrolls of enchant weapon {unknown}
 u - 3 scrolls of enchant armour {unknown}
 v - 6 scrolls of remove curse {unknown}
Potions
 d - 4 potions of might
 l - a potion of ambrosia {unknown}
 q - a potion of mutation {unknown}
 r - a potion of haste {unknown}
 s - a potion of resistance {unknown}
 x - a potion of degeneration {unknown}
 z - 2 potions of flight {unknown}
Comestibles
 b - 12 chunks of flesh
 f - 11 rations


   Skills:
 + Level 6.4 Fighting
 * Level 7.9 Axes
 + Level 6.4 Armour
 + Level 6.3 Shields


You had 7 spell levels left.
You didn't know any spells.
Your spell library was empty.

Dungeon Overview and Level Annotations

Branches:
Dungeon (6/15)             Temple (1/1) D:5

Altars:
Cheibriados
Dithmenos
Elyvilon
Fedhas
Nemelex Xobeh
Okawaru
Ru
Uskayaw
Xom
The Shining One

Annotations:
D:5 Menkaure


Innate Abilities, Weirdness & Mutations

((You reflexively headbutt those who attack you in melee.))
((You have a pair of horns on your head.))


Message History

You headbutt Menkaure.
Menkaure is lightly damaged.
Menkaure hits you!
* * * LOW HITPOINT WARNING * * *
Unknown command.
You hit Menkaure.
Menkaure is moderately damaged.
Menkaure calls on the powers of darkness!
Your body is wracked with pain!
* * * LOW HITPOINT WARNING * * *
You turn into a tree.
Your +1 pair of boots melds into your body.
Your +0 chain mail melds into your body.
Your roots penetrate the ground.
Menkaure barely misses you.
You hit Menkaure but do no damage.
Menkaure is moderately damaged.
Menkaure hits you.
* * * LOW HITPOINT WARNING * * *
Menkaure hits you!
You die...

#......##...
###.....#..#
#........#
#........# ###
#......... ##.#
#####..#.....
#..#####..##.##.....
#...M[#..###+###....
#..♣....##.....#.#..
#.......##.§.§.#.##.
###......'§§_..'.###
#.....##.≈.§.#..#.
###....#.....##...
#......###'######.
#..#.......# #.
##..>......# ####.
##....###.###.###


You could see Menkaure.

Vanquished Creatures
  Edmund (D:4)
  2 ogres
  A gnoll sergeant (D:4)
  A scorpion (D:4)
  A howler monkey (D:5)
  2 crimson imps
  A bullfrog zombie (D:3)
  2 hounds
  A jelly (D:5)
  2 orc wizards
  2 orc priests
  A bullfrog skeleton (D:6)
  Jessica (D:2)
  An iguana (D:3)
  4 worker ants
  12 gnolls
  3 adders
  2 oozes
  An adder zombie (D:5)
  An adder skeleton (D:3)
  3 worms
  3 dart slugs
  4 leopard geckos
  16 orcs
  4 giant cockroaches
  14 goblins
  12 hobgoblins
  16 jackals
  2 quokkas (D:2)
  8 bats
  5 frilled lizards
  12 kobolds
  10 rats
151 creatures vanquished.

Notes
Turn   | Place    | Note
-------+----------+-------------------------------------------
     0 | D:1      | Napalmbreeze the Minotaur Fighter began the quest for the
                  | Orb.
     0 | D:1      | Reached XP level 1. HP: 19/19 MP: 0/0
   143 | D:1      | Reached XP level 2. HP: 27/27 MP: 1/1
   158 | D:1      | Reached skill level 3 in Axes
   209 | D:1      | Reached XP level 3. HP: 21/33 MP: 2/2
   873 | D:2      | Found a snail-covered altar of Cheibriados.
   892 | D:2      | Reached XP level 4. HP: 37/40 MP: 3/3
  1032 | D:2      | Noticed Jessica
  1040 | D:2      | Killed Jessica
  1040 | D:2      | Reached skill level 4 in Axes
  1393 | D:2      | Found a sparkling altar of Nemelex Xobeh.
  1526 | D:2      | Found a shadowy altar of Dithmenos.
  1687 | D:3      | Reached XP level 5. HP: 47/47 MP: 4/4
  1913 | D:3      | Found a sparkling altar of Nemelex Xobeh.
  1990 | D:3      | Reached skill level 5 in Axes
  2135 | D:3      | Reached XP level 6. HP: 55/55 MP: 5/5
  2427 | D:3      | Reached skill level 5 in Armour
  2505 | D:3      | Found a shimmering altar of Xom.
  2555 | D:3      | Found a glowing golden altar of the Shining One.
  2767 | D:4      | Reached skill level 5 in Fighting
  2873 | D:4      | Reached skill level 5 in Shields
  2928 | D:4      | Noticed Edmund
  2938 | D:4      | Killed Edmund
  2938 | D:4      | Reached skill level 6 in Axes
  2938 | D:4      | Reached XP level 7. HP: 44/61 MP: 6/6
  3343 | D:4      | Found an iron altar of Okawaru.
  3358 | D:4      | Became a worshipper of Warmaster Okawaru
  3476 | D:5      | Entered Level 5 of the Dungeon
  4191 | D:4      | Reached skill level 7 in Axes
  5080 | D:5      | Found a staircase to the Ecumenical Temple.
  5210 | D:5      | Found a hide-covered altar of Uskayaw.
  5495 | Temple   | Entered the Ecumenical Temple
  5520 | D:5      | Reached XP level 8. HP: 70/70 MP: 7/7
  5596 | D:6      | Found a white marble altar of Elyvilon.
  5679 | D:6      | Noticed Menkaure
  5689 | D:5      | Slain by Menkaure

Vault maps used:
D:1:      saegor_arrival_simple_a, minmay_vboxes
D:2:      cheibriados_altar_1, nicolae_overflow_hidden_temple,
          minmay_heptomino_l4, uniq_jessica
D:3:      xom_butterflies, marbit_many_paths, nemelex_dance_club_becter
D:4:      okawaru_altar_gauntlet_db, uniq_edmund
D:5:      kennysheep_little_box, minmay_temple_entry_purple_smoke, first_ration
D:6:      overflow_temple_1_default, old_standard_altar,
          nicolae_overflow_crystal_walls, lightli_sewer_entry_pipes,
          corexii_shack, moated_statue, uniq_menkaure
Temple:   compressed_dpeg_triangle_lava_temple

Skill      XL: |  1  2  3  4  5  6  7 |
---------------+----------------------+-----
Axes           | 3 4 5 6 7 |  7.9
Armour         | 4 5 6 |  6.4
Fighting       | 4 5 6 |  6.4
Shields        | 4 5 6 |  6.3

Action                   |  1- 3 |  4- 6 |  7- 9 || total
-------------------------+-------+-------+-------++-------
Melee: War axe           |   101 |   131 |   119 ||   351
       Headbutt          |    10 |    22 |    22 ||    54
  Use: Potion            |       |       |     6 ||     6
  Eat: Chunk             |       |     6 |     6 ||    12
       Ration            |       |       |     1 ||     1
Armor: Scale mail        |    60 |    57 |    57 ||   174
       Chain mail        |       |       |    27 ||    27
Dodge: Dodged            |    46 |    53 |    54 ||   153
Block: Shield            |     7 |       |       ||     7

Table legend:
 A = Non-vault XP
 B = Vault XP
 C = Vault XP percentage of total XP
 D = Non-vault monster count
 E = Vault monster count
 F = Vault count percentage of total count
                 A         B        C        D         E       F
            +---------+---------+-------+---------+---------+-------
      Total |    1503 |     251 |  14.3 |     131 |      20 |  13.2
            +---------+---------+-------+---------+---------+-------
        D:1 |      53 |       9 |  14.5 |      28 |       6 |  17.6
        D:2 |      53 |      42 |  44.2 |      21 |       4 |  16.0
        D:3 |     304 |      13 |   4.1 |      40 |       3 |   7.0
        D:4 |     439 |     187 |  29.9 |      12 |       7 |  36.8
        D:5 |     421 |       0 |   0.0 |      25 |       0 |   0.0
        D:6 |     233 |       0 |   0.0 |       5 |       0 |   0.0
            +---------+---------+-------+---------+---------+-------
